 Dungeon Crawl Stone Soup version 0.27-a0-506-g2188dfaaa0 (webtiles) character file.

Game seed: 16438550764790056538

2681 Morbidden the Digger (level 9, -13/83 HPs)
             Began as a Troll Earth Elementalist on Mar 3, 2021.
             Was a Believer of Cheibriados.
             Mangled by an orc warrior
             ... wielding a +4 glaive
              (26 damage)
             ... on level 7 of the Dungeon.
             The game lasted 00:11:03 (6428 turns).

Morbidden the Digger (Troll Earth Elementalist)     Turns: 6428, Time: 00:11:03

Health: -13/83     AC:  8    Str: 23    XL:     9   Next: 37%
Magic:  7/15       EV: 11    Int: 19    God:    Cheibriados [**....]
Gold:   367        SH:  0    Dex: 15    Spells: 1/17 levels left

rFire    . . .     SeeInvis .     - Unarmed
rCold    . . .     Faith    .   (no shield)
rNeg     . . .     Spirit   .   c - +0 robe
rPois    .         Reflect  .   (helmet restricted)
rElec    .         Harm     .   z - scarf {repulsion}
rCorr    .         Rampage  .   (gloves unavailable)
Will     .....                  (boots unavailable)
Stlth    ++........             (no amulet)
HPRegen  1.23/turn              w - ring of wizardry
MPRegen  0.14/turn              r - +4 ring of protection

@: mighty, repel missiles, very slow
A: large, unfitting armour, claws 3, regeneration 1, shaggy fur 1, tough skin 1
a: Renounce Religion, Bend Time


You were on level 7 of the Dungeon.
You worshipped Cheibriados.
Cheibriados was pleased with you.
You visited 2 branches of the dungeon, and saw 8 of its levels.

You collected 367 gold pieces.

Inventory:

Missiles
 b - 82 stones
 e - 33 sling bullets
 n - a throwing net
 y - 18 poisoned darts
Armour
 c - a +0 robe (worn)
 z - a scarf of repulsion (worn)
Jewellery
 f - a ring of resist corrosion
 q - a ring of see invisible
 r - a +4 ring of protection (right claw)
 w - a ring of wizardry (left claw)
Scrolls
 a - 7 scrolls of identify
 d - 2 scrolls of enchant weapon {unknown}
 h - a scroll of fear {unknown}
 i - 4 scrolls of magic mapping {unknown}
 k - 4 scrolls of teleportation {unknown}
 s - 2 scrolls of amnesia {unknown}
 t - 2 scrolls of fog {unknown}
 x - 2 scrolls of enchant armour {unknown}
 A - a scroll of immolation
Potions
 g - a potion of curing {unknown}
 j - a potion of might
 l - 3 potions of attraction {unknown}
 m - a potion of degeneration
 p - a potion of brilliance {unknown}
 u - a potion of flight {unknown}
 v - 3 potions of lignification {unknown}


   Skills:
 * Level 3.3 Fighting
 + Level 3.0 Dodging
 + Level 1.4 Stealth
 + Level 3.4 Unarmed Combat
 * Level 4.8 Spellcasting
 + Level 0.2 Conjurations
 * Level 3.2 Transmutations
 * Level 0.6 Ice Magic
 * Level 6.4 Earth Magic
 * Level 1.2 Invocations


You had one spell level left.
You knew the following spells:

 Your Spells              Type           Power        Failure   Level
a - Sandblast             Erth           56%          1%          1
b - Stone Arrow           Conj/Erth      34%          4%          3
c - Petrify               Tmut/Erth      22%          7%          4
d - Lee's Rapid Deconstr  Erth           14%          11%         5
e - Frozen Ramparts       Ice            14%          12%         3

Your spell library contained the following spells:

 Spells                   Type           Power        Failure   Level
 Freeze                   Ice            28%          4%          1
 Passwall                 Tmut/Erth      18%          1%          2
 Ozocubu's Armour         Ice            7%           12%         3
 Hailstorm                Conj/Ice       6%           38%         4
 Summon Ice Beast         Ice/Summ       5%           38%         4


Dungeon Overview and Level Annotations

Branches:
Dungeon (7/15)             Temple (1/1) D:5

Altars:
Cheibriados
Dithmenos
Elyvilon
Fedhas
Gozag
Hepliaklqana
Kikubaaqudgha
Ru
Trog
Yredelemnul
Zin

Annotations:
D:7 exclusion: moth of wrath


Innate Abilities, Weirdness & Mutations

You are too large for most types of armour.
You have claws for hands.
Your natural rate of healing is unusually fast.
You are covered in fur. (AC +1)
You have tough skin. (AC +1)


Message History

The stone arrow hits the orc warrior!
The orc warrior is heavily wounded.
The orc warrior hits you with a +4 glaive!
* * * LOW HITPOINT WARNING * * *
Unknown command.
Unknown command.
Unknown command.
Unknown command.
Okay, then.
Casting: Stone Arrow (mildly dangerous; 4% risk of failure)
Confirm with . or Enter, or press ? or * to list all spells.
Aiming: Sandblast (safe; 1% risk of failure)
Press: ? - help, Shift-Dir - straight line, f/p - orc warrior
Aim: an orc warrior, wielding a +4 glaive and wearing a +0 plate armour (heavily wounded, 19% to evade)
The blast of sand hits the orc warrior but does no damage.
The orc warrior is heavily wounded.
Unknown command.
Unknown command.
Casting: Sandblast (safe; 1% risk of failure)
Confirm with . or Enter, or press ? or * to list all spells.
Aiming: Sandblast (safe; 1% risk of failure)
Press: ? - help, Shift-Dir - straight line, f/p - orc warrior
Aim: an orc warrior, wielding a +4 glaive and wearing a +0 plate armour (heavily wounded, 19% to evade)
The blast of sand hits the orc warrior but does no damage.
The orc warrior is heavily wounded.
The orc warrior hits you with a +4 glaive!
* * * LOW HITPOINT WARNING * * *
Unknown command.
Unknown command.
Unknown command.
It was a potion of might.
You feel very mighty all of a sudden. The orc warrior closely misses you.
Unknown command.
Okay, then.
Unknown command.
You claw the orc warrior!
The orc warrior is almost dead.
The orc warrior hits you with a +4 glaive!!
You die...

≈≈≈≈≈≈≈...##.#.......#
≈≈≈≈≈.##.##.#.......#
≈≈#...##.##.#.......#
# #.#.......#.......#
#.##.#.####...<...#
####.##.#.# #########
..........#
#######.### #...)@.#
#.##.#o# # #.....
###.#.# .#.# ## #


You could see an orc warrior.

Vanquished Creatures
  Pikel (D:3)
  Sigmund (D:4)
  Edmund (D:4)
  A necrophage (D:5)
  An orc warrior (D:7)
  2 ogres
  5 centaurs
  A phantom (D:5)
  2 bullfrogs (D:6)
  2 scorpions (D:6)
  3 killer bees (D:7)
  A howler monkey (D:5)
  3 centaur zombies
  A jelly (D:6)
  A quasit (D:7)
  A bullfrog zombie (D:5)
  2 orc priests
  An iguana (D:5)
  6 orc wizards
  2 worker ants
  A hound skeleton (D:6)
  A worker ant zombie (D:7)
  3 gnolls (D:5)
  4 adders
  3 ufetubi
  5 oozes
  6 worms
  2 dart slugs
  2 leopard geckos
  23 orcs
  4 giant cockroaches
  16 goblins
  6 hobgoblins (D:1)
  11 jackals
  4 quokkas
  2 ball pythons
  6 bats
  6 frilled lizards
  A jackal zombie (D:6)
  9 kobolds
  A leopard gecko zombie (D:5)
  6 rats
160 creatures vanquished.

Notes
Turn   | Place    | Note
-------+----------+-------------------------------------------
     0 | D:1      | Morbidden the Troll Earth Elementalist began the quest for
                  | the Orb.
     0 | D:1      | Reached XP level 1. HP: 16/16 MP: 1/1
   125 | D:1      | Reached XP level 2. HP: 24/24 MP: 3/3
   201 | D:1      | Reached skill level 3 in Earth Magic
   718 | D:1      | Reached XP level 3. HP: 32/32 MP: 4/4
  1150 | D:2      | Reached skill level 1 in Transmutations
  1308 | D:2      | Reached XP level 4. HP: 38/40 MP: 5/5
  1316 | D:2      | Reached skill level 1 in Fighting
  1533 | D:2      | Reached skill level 1 in Unarmed Combat
  2873 | D:4      | Noticed an ogre
  2939 | D:4      | Noticed a lemure
  2939 | D:4      | Noticed a lemure
  2939 | D:4      | Noticed a lemure
  2940 | D:4      | Noticed Pikel
  2942 | D:4      | Noticed Edmund
  3041 | D:3      | Killed Pikel
  3042 | D:3      | Reached skill level 4 in Earth Magic
  3042 | D:3      | Reached XP level 5. HP: 32/49 MP: 3/7
  3042 | D:3      | Reached XP level 6. HP: 37/57 MP: 3/8
  3042 | D:3      | Reached XP level 7. HP: 43/65 MP: 3/9
  3245 | D:4      | Noticed Sigmund
  3250 | D:4      | Killed Sigmund
  3492 | D:4      | Killed Edmund
  3493 | D:4      | Reached XP level 8. HP: 31/74 MP: 1/11
  3504 | D:4      | Learned a level 3 spell: Stone Arrow
  3662 | D:4      | Reached skill level 5 in Earth Magic
  3824 | D:5      | Entered Level 5 of the Dungeon
  4261 | D:5      | Found a staircase to the Ecumenical Temple.
  4286 | Temple   | Entered the Ecumenical Temple
  4295 | Temple   | Became a worshipper of Cheibriados the Contemplative
  4977 | D:6      | Reached skill level 6 in Earth Magic
  5133 | D:6      | Reached XP level 9. HP: 83/83 MP: 10/14
  5261 | D:6      | Learned a level 4 spell: Petrify
  5267 | D:6      | Learned a level 5 spell: Lee's Rapid Deconstruction
  5295 | D:6      | Reached skill level 1 in Invocations
  5458 | D:6      | Reached * piety under Cheibriados
  5690 | D:6      | Learned a level 3 spell: Frozen Ramparts
  6091 | D:7      | Noticed a moth of wrath
  6094 | D:7      | Found a bloodstained altar of Trog.
  6142 | D:7      | Reached ** piety under Cheibriados
  6428 | D:7      | Mangled by an orc warrior

Illustrated notes

Levels and vault maps discovered:
D:1:      mainiacjoe_arrival_reflecting_pool, layout_loops_corners,
          minmay_indecisive_spiral
D:2:      layout_basic, dk_noncrumbling_2
D:3:      layout_basic, hangedman_glass_teeth
D:4:      layout_basic, uniq_pikel, uniq_sigmund, uniq_edmund
D:5:      layout_loops_ring, minmay_temple_entry_stoned_glass,
          minmay_misc_feat_doors
D:6:      layout_rooms
D:7:      layout_loops_cross, tgw_trog, centaur_isle
Temple:   compressed_dpeg_triangle_lava_temple

Skill      XL: |  1  2  3  4  5  6  7  8  9 |
---------------+----------------------------+-----
Earth Magic    | 3 4 6 |  6.4
Transmutations | 1 2 3 |  3.2
Fighting       | 2 3 |  3.3
Unarmed Combat | 2 3 |  3.4
Dodging        | 2 3 |  3.0
Spellcasting   | 2 3 4 |  4.8
Invocations    | 1 |  1.2
Stealth        | |  1.4
Conjurations   | |  0.2
Ice Magic      | |  0.6

Action                   |  1- 3 |  4- 6 |  7- 9 || total
-------------------------+-------+-------+-------++-------
Melee: Unarmed           |   123 |    98 |   138 ||   359
       Punch             |       |     1 |     3 ||     4
 Cast: Sandblast         |     7 |    24 |   112 ||   143
       Stone Arrow       |       |       |    31 ||    31
       Frozen Ramparts   |       |       |     1 ||     1
  Use: Potion            |       |     5 |     4 ||     9
       Scroll            |       |       |     1 ||     1
 Stab: Sleeping          |     3 |       |       ||     3
Armor: Robe              |    44 |    27 |    56 ||   127
Dodge: Dodged            |    58 |    70 |    84 ||   212

Table legend: (Time is in decaauts)
 A = Elapsed time spent in this place.
 B = Non-inter-level travel time spent in this place.
 C = Inter-level travel time spent in this place.
 D = Time resting spent in this place.
 E = Time spent auto-exploring this place.
 F = Levels seen in this place.
 G = Mean time per level.
                   A        B        C        D        E       F      G
               +--------+--------+--------+--------+--------+-----+--------+
         Total |   6739 |   6570 |    169 |    236 |   5125 |   8 |  842.4 |
       Dungeon |   6727 |   6558 |    169 |    236 |   5125 |   7 |  961.0 |
        Temple |     12 |     12 |      0 |      0 |      0 |   1 |   12.0 |
               +--------+--------+--------+--------+--------+-----+--------+

Top non-repeatable levels by time:
     D:6: 1147 daAuts
     D:1: 1114 daAuts
     D:3: 1086 daAuts
     D:2: 971 daAuts
     D:5: 929 daAuts
     D:7: 847 daAuts
     D:4: 630 daAuts
  Temple: 12 daAuts
